 Dungeon Crawl Stone Soup version 0.32-a0-699-g1ee5eff69a (webtiles) character file.

Game seed: 15555164258548687558

52411 bobo the Severer (level 14, 0/133 HPs)
             Began as a Mountain Dwarf Fighter on Mar 14, 2024.
             Was a High Priest of Zin.
             Slain by a 15-headed hydra (2 damage)
             ... on level 4 of the Lair of Beasts.
             The game lasted 00:58:30 (14168 turns).

bobo the Severer (Mountain Dwarf Fighter)          Turns: 14168, Time: 00:58:32

Health: 0/133      AC: 15    Str: 22    XL:     14   Next: 27%
Magic:  25/25      EV: 14    Int: 16    God:    Zin [*****.]
Gold:   852        SH:  0    Dex: 11    Spells: 15/17 levels left

rFire   . . .        h - +4 battleaxe (spect)
rCold   . . .        (shield currently unavailable)
rNeg    . . .        o - +5 ring mail "Poejuato" {Regen+ Dex+2}
rPois   .            E - +0 helmet
rElec   .            x - +0 cloak
rCorr   .            v - +0 pair of gloves
SInv    +            j - +0 pair of boots of Dice, Bag, and Bottle {Int+5}
Will    +....        p - amulet of regeneration
Stlth   +            w - ring of see invisible
HPRegen 2.02/turn    k - +5 ring of evasion
MPRegen 0.19/turn

%: no passive effects
@: no status effects
A: runic magic, artefact enchanting
a: Renounce Religion, Recite, Vitalisation, Imprison, Sanctuary, Donate Gold


You were on level 4 of the Lair of Beasts.
You worshipped Zin.
Zin was extremely pleased with you.
You visited 5 branches of the dungeon, and saw 20 of its levels.
You also visited: Sewer, Ossuary and Ice Cave.

You collected 1928 gold pieces.
You spent 896 gold pieces at shops.
You donated 180 gold pieces to Zin.

Inventory:

Hand Weapons
 h - a +4 spectral battleaxe (weapon)
 s - a +0 war axe of electrocution
 u - a +3 spectral battleaxe
Armour
 g - a +0 tower shield of cold resistance
 j - the +0 pair of boots of Dice, Bag, and Bottle (worn) {Int+5}
   (You acquired it on level 7 of the Dungeon)

   Int+5:     It affects your intelligence (+5).
 o - the +5 ring mail "Poejuato" (worn) {Regen+ Dex+2}
   (You found it on level 2 of the Dungeon)

   Dex+2:     It affects your dexterity (+2).
   Regen+:    It increases your rate of health regeneration.
 v - a +0 pair of gloves (worn)
 x - a +0 cloak (worn)
 E - a +0 helmet (worn)
 J - a +0 kite shield of cold resistance
Jewellery
 k - a +5 ring of evasion (right hand)
 p - an amulet of regeneration (around neck)
 w - a ring of see invisible (left hand)
 A - a ring of resist corrosion
Wands
 q - a wand of warping (5)
 H - a wand of digging (3)
Scrolls
 a - a scroll of identify
 f - 11 scrolls of teleportation
 r - 3 scrolls of poison
 B - 2 scrolls of blinking
 D - a scroll of fog
 F - a scroll of vulnerability
 G - a scroll of enchant weapon
Potions
 b - a potion of invisibility {unknown}
 c - a potion of haste
 d - 4 potions of enlightenment
 e - 2 potions of magic
 i - 7 potions of curing
 m - 8 potions of attraction
 t - a potion of cancellation
 L - a potion of brilliance {unknown}
 M - 2 potions of resistance {unknown}


   Skills:
 + Level 14.8 Fighting
 + Level 15.9 Axes
 - Level 3.4 Armour
 - Level 3.4 Shields
 * Level 2.1 Spellcasting
 * Level 2.2 Translocations
 + Level 15.3 Invocations
 + Level 12.5 Evocations


You had 15 spell levels left.
You knew the following spells:

 Your Spells              Type           Power      Damage    Failure   Level
Z - Blink                 Tloc           16%        N/A       14%         2

Your spell library contained the following spells:

 Spells                   Type           Power      Damage    Failure   Level
 Apportation              Tloc           16%        N/A       9%          1
 Magic Dart               Conj           4%         1d3       22%         1
 Necrotise                Necr           4%         1d4       22%         1
 Sting                    Conj/Alch      4%         1d3       22%         1
 Summon Small Mammal      Summ           4%         N/A       22%         1
 Gell's Gravitas          Tloc           8%         N/A       26%         3
 Teleport Other           Tloc           8%         N/A       26%         3
 Call Imp                 Summ           2%         N/A       34%         2
 Cigotuvi's Dreadful Rot  Necr/Alch/Air  2%         N/A       34%         2
 Sublimation of Blood     Necr           1%         N/A       34%         2
 Dispel Undead            Necr           1%         3d6       92%         4
 Leda's Liquefaction      Alch/Erth      0%         N/A       92%         4
 Martyr's Knell           Necr/Summ      1%         N/A       92%         4
 Lee's Rapid Deconstruct  Erth           0%         3d4*      99%         5
 Dispersal                Tloc           4%         N/A       100%        6
 Permafrost Eruption      Ice/Erth       0%         2x4d2     100%        6
 Summon Hydra             Summ           0%         N/A       100%        7


Dungeon Overview and Level Annotations

Branches:
Dungeon (11/15)            Temple (1/1) D:5            Lair (4/5) D:8
  Swamp (2/4) Lair:3       Spider (0/4) Lair:3          Orc (2/2) D:9
  Sewer (visited)         Ossuary (visited)           IceCv (visited)
  Slime: Lair:4-5       Elf: Orc:2

Altars:
Ashenzari
Cheibriados
Dithmenos
Elyvilon
Fedhas
Gozag
Hepliaklqana
Kikubaaqudgha
Makhleb
Nemelex Xobeh
Okawaru
Qazlal
Ru
Sif Muna
Trog
Uskayaw
Vehumet
Wu Jian
Xom
Yredelemnul
Zin
The Shining One

Shops:
D:6 =((:*   D:7 **   D:9 ((

Annotations:
Lair:3 exclusion: oklob plant
Orc:2 2 transporters


Innate Abilities, Weirdness & Mutations

Your spellcasting is much less encumbered by armour.
You can use scrolls of enchantment on lesser artefacts.


Message History

The 11-headed hydra grows two more!
You hit the 13-headed hydra.
The 13-headed hydra is severely wounded.
Your +4 spectral battleaxe hits the 13-headed hydra!!
Your +4 spectral battleaxe slices one of the 13-headed hydra's heads off!
The 12-headed hydra grows two more!
The 14-headed hydra closely misses you.
The 14-headed hydra bites you but does no damage.
The 14-headed hydra bites you.
The 14-headed hydra bites you but does no damage.
The 14-headed hydra bites you! The 14-headed hydra bites you.
The 14-headed hydra misses you.
The 14-headed hydra bites you but does no damage.
The 14-headed hydra barely misses you.
The 14-headed hydra bites you but does no damage.
The 14-headed hydra bites you.
The 14-headed hydra completely misses you.
The 14-headed hydra bites you!
* * * LOW HITPOINT WARNING * * *
The 14-headed hydra closely misses you.
You chop one of the 14-headed hydra's heads off!
The 13-headed hydra grows two more!
You slice the 15-headed hydra!!
The 15-headed hydra is almost dead.
Your +4 spectral battleaxe hits the 15-headed hydra.
The 15-headed hydra bites you but does no damage.
The 15-headed hydra bites you.
* * * LOW HITPOINT WARNING * * *
The 15-headed hydra bites you.
* * * LOW HITPOINT WARNING * * *
The 15-headed hydra closely misses you.
The 15-headed hydra bites you but does no damage.
The 15-headed hydra closely misses you. The 15-headed hydra bites you.
* * * LOW HITPOINT WARNING * * *
The 15-headed hydra bites you!
* * * LOW HITPOINT WARNING * * *
The 15-headed hydra bites you!
* * * LOW HITPOINT WARNING * * *
The 15-headed hydra bites you.
* * * LOW HITPOINT WARNING * * *
The 15-headed hydra bites you but does no damage. x3
The 15-headed hydra bites you.
You die...

.# # .# # .##
###### ..#
......####.#
#..D@#..####P#
##.#(.........
##.#......###
#....#.####
##...#.## # .
##...#..# .#..
#....P.##.....
##............
##P.........#


You could see a 15-headed hydra and a friendly +4 spectral battleaxe.

Vanquished Creatures
  Rupert (Lair:3)
  A thorn hunter (Swamp:1)
  3 bunyips (Swamp:1)
  Azrael (Orc:2)
  An ettin (D:11)
  6 ghost crabs (Swamp:1)
  A centaur warrior (D:10)
  2 alligators (Swamp:1)
  2 hydras
  5 two-headed ogres
  2 orc high priests
  Amaemon (D:9)
  2 goliath frogs (Swamp:1)
  2 spriggan druids (Swamp:1)
  2 bog bodies (IceCv)
  5 orc knights (Orc:2)
  Maurice (Orc:2)
  An orc sorcerer (Orc:2)
  2 cyclopes
  3 kobold blastminers (Orc:2)
  5 apocalypse crabs (Swamp:1)
  2 black mambas
  An ice statue (IceCv)
  An orange demon (D:9)
  Maggie (D:7)
  An anaconda simulacrum (IceCv)
  6 cane toads
  7 komodo dragons
  2 trolls (Orc:2)
  2 tyrant leeches
  4 polar bears
  Grinder (D:5)
  4 blink frogs
  3 jumping spiders (Lair:3)
  2 wraiths
  A spriggan (Lair:1)
  26 yaks
  A wyvern (Lair:2)
  4 dire elephant simulacra (IceCv)
  Grum (Lair:1)
  5 wargs
  6 basilisks
  3 fire elementals (Orc:2)
  3 steam dragons
  5 humans (D:9)
  A death yak simulacrum (IceCv)
  2 redbacks (Lair:3)
  2 swamp worms (Swamp:1)
  Menkaure (D:7)
  2 hydra simulacra (IceCv)
  8 water moccasins
  The ghost of ForkInBrain the Trooper, an amateur OnWr (D:3)
  3 hell hounds (Orc:2)
  3 black bears
  2 ice beasts (D:6)
  18 orc warriors
  A swamp drake (Swamp:1)
  12 wolves
  A crocodile (Sewer)
  2 centaurs
  5 ogres
  2 phantoms
  A weeping skull (Ossuary)
  11 bullfrogs
  4 kobold brigands
  A gnoll sergeant (D:10)
  2 cane toad simulacra (IceCv)
  5 scorpions
  4 two-headed ogre simulacra (IceCv)
  13 wights
  A burial acolyte (Ossuary)
  2 howler monkeys (D:7)
  6 electric eels (Lair:3)
  13 orc priests
  4 hounds
  A human zombie (Ossuary)
  Crazy Yiuf (D:4)
  2 jellies
  5 iguanas
  21 orc wizards
  4 spriggan simulacra (IceCv)
  A sickly merfolk siren (Sewer)
  6 troll simulacra (IceCv)
  2 wolf simulacra (IceCv)
  3 mummies (Ossuary)
  5 gnolls (D:10)
  2 river rats
  10 adders
  5 naga simulacra (IceCv)
  A shadow imp (D:7)
  10 white imps
  17 ufetubi
  5 dart slugs
  2 ribbon worms
  58 orcs
  7 bats
  4 endoplasms
  10 giant cockroaches
  6 goblins
  8 hobgoblins
  19 kobolds
  6 quokkas
  12 ball pythons
  10 frilled lizards
  A gnoll zombie (Ossuary)
  4 kobold zombies (Ossuary)
  2 orc zombies (Ossuary)
  26 rats
550 creatures vanquished.

Vanquished Creatures (others)
  2 spriggan druids (Swamp:1)
  A bloated husk (Swamp:1)
  2 orc priests (Orc:2)
  10 spectral weapons
15 creatures vanquished.

Grand Total: 565 creatures vanquished

Notes
Turn   | Place    | Note
-------+----------+-------------------------------------------
     0 | D:1      | bobo the Mountain Dwarf Fighter began the quest for the
                  | Orb.
     0 | D:1      | Reached XP level 1. HP: 19/19 MP: 1/1
   126 | D:1      | Reached XP level 2. HP: 26/26 MP: 2/2
   835 | D:2      | Reached XP level 3. HP: 18/33 MP: 3/3
  1100 | D:2      | Reached XP level 4. HP: 37/41 MP: 4/4
  1129 | D:2      | Identified the +1 ring mail "Poejuato" {Regen+ Dex+2}
  1462 | D:3      | Found a runed translucent door.
  1463 | D:3      | Noticed ForkInBrain's ghost (amateur OnWr)
  2061 | D:4      | Found a glowing drain.
  2078 | Sewer    | Entered a sewer
  2083 | Sewer    | Reached XP level 5. HP: 47/47 MP: 5/5
  2192 | Sewer    | Reached skill level 5 in Fighting
  2243 | Sewer    | Reached skill level 5 in Axes
  2262 | Sewer    | Noticed a crocodile
  2271 | Sewer    | Killed a crocodile
  2272 | Sewer    | Reached XP level 6. HP: 40/56 MP: 6/6
  2398 | D:4      | You fall into a shaft and drop 2 floors!
  2403 | D:6      | Noticed an ice beast
  2424 | D:6      | Found a sand-covered staircase.
  2433 | Ossuary  | Entered an ossuary
  2622 | D:6      | Found Uluvoch's Book Shop.
  2646 | D:6      | Found Erra's General Store.
  2654 | D:6      | Bought a scroll of identify for 22 gold pieces
  2654 | D:6      | Bought a scroll of brand weapon for 104 gold pieces
  2682 | D:6      | Found a glowing golden altar of the Shining One.
  2750 | D:6      | Found Ytynaiss's Weapon Emporium.
  2762 | D:6      | Reached XP level 7. HP: 50/64 MP: 7/7
  2823 | D:6      | Found Potel's Jewellery Shop.
  2851 | D:5      | Entered Level 5 of the Dungeon
  2910 | D:5      | Found a staircase to the Ecumenical Temple.
  2922 | Temple   | Entered the Ecumenical Temple
  2930 | Temple   | Became a worshipper of Zin the Law-Giver
  2930 | Temple   | Reached * piety under Zin
  3081 | D:5      | Noticed Grinder
  3096 | D:5      | Paralysed by Grinder for 2 turns
  3105 | D:5      | Killed Grinder
  3106 | D:5      | Reached XP level 8. HP: 41/74 MP: 7/9
  3795 | D:4      | Found a runed translucent door.
  3796 | D:4      | Noticed Crazy Yiuf
  3802 | D:4      | Killed Crazy Yiuf
  3859 | D:4      | Reached ** piety under Zin
  4167 | D:4      | Found an ornate altar of the Wu Jian Council.
  4272 | D:4      | Reached *** piety under Zin
  4503 | D:3      | Killed ForkInBrain's ghost
  4504 | D:3      | Reached skill level 1 in Evocations
  4701 | D:6      | Found a burning altar of Makhleb.
  4947 | D:6      | Reached skill level 5 in Invocations
  5051 | D:6      | Found Onag's Antique Weapon Shoppe.
  5102 | D:6      | Found a hazy altar of Hepliaklqana.
  5197 | D:7      | Reached XP level 9. HP: 82/82 MP: 12/12
  5203 | D:7      | Found Woerghot's Lightly-Used Armoury.
  5269 | D:7      | Noticed Menkaure
  5283 | D:7      | Killed Menkaure
  5338 | D:7      | Noticed Maggie
  5357 | D:7      | Killed Maggie
  5367 | D:7      | Noticed a two-headed ogre
  5380 | D:7      | Killed a two-headed ogre
  5381 | D:7      | Reached skill level 10 in Axes
  5504 | D:7      | Reached skill level 5 in Evocations
  5682 | D:7      | Found Aditumpeit's General Store.
  5692 | D:7      | Bought a potion of curing for 42 gold pieces
  5983 | D:8      | Found an ancient bone altar of Kikubaaqudgha.
  6033 | D:7      | Reached XP level 10. HP: 72/93 MP: 15/15
  6035 | D:7      | Reached skill level 10 in Fighting
  6231 | D:8      | Reached **** piety under Zin
  6264 | D:8      | Found a radiant altar of Vehumet.
  6296 | D:8      | Learned a level 2 spell: Blink
  6351 | D:8      | Found a staircase to the Lair.
  6482 | D:8      | Noticed a two-headed ogre
  6488 | D:8      | Killed a two-headed ogre
  6902 | D:9      | Found a basalt altar of Yredelemnul.
  6974 | D:9      | Found Waoz's Weapon Shop.
  7087 | D:9      | Found a staircase to the Orcish Mines.
  7087 | D:9      | Noticed an orange demon
  7093 | D:9      | Noticed Amaemon
  7100 | D:9      | Found Nuxim's Weapon Emporium.
  7101 | D:9      | Killed an orange demon
  7113 | D:9      | Killed Amaemon
  7114 | D:9      | Reached XP level 11. HP: 64/102 MP: 18/18
  7133 | D:9      | Reached ***** piety under Zin
  7233 | D:9      | Reached skill level 10 in Invocations
  7344 | D:10     | Entered Level 10 of the Dungeon
  7501 | D:10     | Noticed a centaur warrior
  7513 | D:10     | Killed a centaur warrior
  7534 | D:10     | Found a shadowy altar of Dithmenos.
  8125 | D:11     | Noticed a two-headed ogre
  8125 | D:11     | Noticed a two-headed ogre
  8130 | D:11     | Killed a two-headed ogre
  8136 | D:11     | Killed a two-headed ogre
  8160 | D:11     | Noticed an ettin
  8169 | D:11     | Noticed an ettin
  8170 | D:11     | Killed an ettin
  8266 | Lair:1   | Entered Level 1 of the Lair of Beasts
  8274 | Lair:1   | Noticed Grum
  8301 | Lair:1   | Killed Grum
  8387 | Lair:1   | Found a frozen archway.
  8394 | IceCv    | Entered an ice cave
  8722 | IceCv    | Reached ****** piety under Zin
  8754 | IceCv    | Zin protects you from harm!
  8798 | IceCv    | Reached XP level 12. HP: 64/112 MP: 20/20
  8979 | IceCv    | Identified the +2 great sword of Guile {flame, Str+2 Int+2}
  9246 | Lair:1   | Noticed a six-headed hydra
  9251 | Lair:1   | Killed an eight-headed hydra
  9791 | Lair:2   | Reached skill level 10 in Evocations
 10648 | Lair:3   | Found a hole to the Spider Nest.
 10883 | Lair:3   | Reached XP level 13. HP: 122/122 MP: 23/23
 10900 | Lair:3   | Noticed Rupert
 10916 | Lair:3   | Killed Rupert
 11111 | Lair:3   | Found a staircase to the Swamp.
 11770 | D:7      | Bought a scroll of acquirement for 728 gold pieces
 11770 | D:7      | Acquired the +0 pair of boots of Dice, Bag, and Bottle
                  | {Int+5}
 11871 | Orc:1    | Entered Level 1 of the Orcish Mines
 11976 | Orc:2    | Entered Level 2 of the Orcish Mines
 11976 | Orc:2    | Noticed Maurice
 11977 | Orc:2    | Paralysed by Maurice for 4 turns
 11981 | Orc:2    | Killed Maurice
 12051 | Orc:2    | Reached skill level 15 in Axes
 12106 | Orc:2    | Paralysed by an orc sorcerer for 5 turns
 12127 | Orc:1    | HP: 1/119 [warg (6)]
 12220 | Orc:1    | You fall into a shaft and drop 1 floor!
 12226 | Orc:2    | Noticed Azrael
 12245 | Orc:2    | Killed Azrael
 12369 | Orc:2    | Found a transporter.
 12371 | Orc:2    | Found a transporter.
 12371 | Orc:2    | Identified the +6 great mace "Guxemiq" {holy, ^Drain Str+4
                  | Int+7 Stlth+}
 12371 | Orc:2    | Identified the +0 great mace of Supsaym {flame, rPois Int+2
                  | Dex+3}
 12371 | Orc:2    | Noticed an ettin
 12972 | Swamp:1  | Entered Level 1 of the Swamp
 13056 | Swamp:1  | Noticed a bunyip
 13065 | Swamp:1  | Killed a bunyip
 13093 | Swamp:1  | Found a runed translucent door.
 13177 | Swamp:1  | Noticed a thorn hunter
 13194 | Swamp:1  | Killed a thorn hunter
 13195 | Swamp:1  | Reached skill level 15 in Invocations
 13228 | Swamp:1  | Noticed a bunyip
 13236 | Swamp:1  | Killed a bunyip
 13292 | Swamp:1  | Noticed a bunyip
 13302 | Swamp:1  | Killed a bunyip
 13303 | Swamp:1  | Reached XP level 14. HP: 110/133 MP: 25/25
 13657 | Swamp:1  | Reached skill level 1 in Translocations
 13702 | Swamp:1  | Reached skill level 1 in Spellcasting
 13962 | Swamp:1  | Identified the +1 war axe "Leulol" {drain, rPois MP+9}
 14168 | Lair:4   | HP: 2/133 [15-headed hydra (5)]
 14168 | Lair:4   | Slain by a 15-headed hydra

Illustrated notes

Levels and vault maps discovered:
D:1:      dpeg_arrival_rooms_c, layout_loops_ring
D:2:      layout_basic
D:3:      layout_loops_cross, gammafunk_ghost_grave, kennysheep_path_1
D:4:      layout_loops_cross, nicolae_wu_jian_glorious_leap,
          portal_sewer_entry_f, minmay_circle_x, uniq_crazy_yiuf_cottage
D:5:      layout_loops_corners, minmay_temple_entry_mini_moons, uniq_grinder
D:6:      layout_loops_ring, nicolae_overflow_hidden_temple, serial_shops,
          nicolae_shop_bloodbath_and_beyond, nicolae_stop_n_shop_2,
          nicolae_shop_gaudy_bauble, nicolae_shop_behind_doors, shop,
          nicolae_ossuary_entry_monument
D:7:      layout_basic, serial_shops, nicolae_lakefront_shop,
          minmay_shop_damaged, billiards_dpeg, uniq_maggie, uniq_menkaure
D:8:      mumra_celtic_spiral_tile, layout_cave_pools,
          nicolae_kikubaaqudgha_miasma_corner, old_standard_altar,
          dpeg_lair_monsters
D:9:      layout_basic, yredelemnul_altar_generic, orc_david_3, serial_shops,
          shop, minmay_misc_feat_five, minmay_ruffians, uniq_amaemon
D:10:     layout_cave_pods, mainiacjoe_overflow_alcove_2
D:11:     giant_chief_lemuel, layout_loops_cross, nicolae_figureground_sparkle,
          uniq_nergalle
Temple:   nicolae_temple_two_arcs
Lair:1:   layout_cave_pods, portal_ice_cave_entry_pillars_2,
          gauntlet_entry_generic, grunt_forest_large_clearing_hut,
          grunt_megastairs_1, uniq_grum
Lair:2:   layout_cellular_growth, grunt_megastairs_2
Lair:3:   layout_regular_city, minmay_swamp_entry_eels, spider_nest_entry_a,
          nicolae_quartered_pool_impasse, beast_lair_carwin_3, uniq_rupert
Lair:4:   layout_loops_ring, slime_entry_2, eino_house_with_fridge
Swamp:1:  gammafunk_mikee_crab_dinner, layout_basic_swamp,
          evilmike_swamp_ruin_house_1, nicolae_swamp_tree_isthmus
Swamp:2:  layout_basic_swamp, hangedman_swamp_pad, swamp_pool_5,
          nicolae_swamp_necromancy_gone_wrong, infiniplex_staircase_pool_2
Orc:1:    layout_caves, serial_shops
Orc:2:    grunt_orc_tribal_feast, layout_caves, gammafunk_ghost_smash,
          uniq_azrael, uniq_maurice

Skill      XL: |  1  2  3  4  5  6  7  8  9 10 11 12 13 14 |
---------------+-------------------------------------------+-----
Axes           | 3 4 5 6 8 9 10 11 13 14 15 | 15.9
Fighting       | 4 5 6 7 8 9 11 12 13 14 | 14.8
Invocations    | 2 5 7 9 11 13 15 | 15.3
Evocations     | 2 5 7 9 10 12 | 12.5
Translocations | 2 |  2.2
Spellcasting   | 2 |  2.1
Armour         | |  3.4
Shields        | |  3.4

Action                     |  1- 3 |  4- 6 |  7- 9 | 10-12 | 13-15 || total
---------------------------+-------+-------+-------+-------+-------++-------
  Melee: War axe           |    31 |       |       |       |       ||    31
         Hand axe          |    48 |   234 |   324 |   109 |       ||   715
         Battleaxe         |       |       |       |   353 |   285 ||   638
   Cast: Blink             |       |       |       |       |     1 ||     1
 Invoke: Recite            |       |       |     6 |    13 |    15 ||    34
         Vitalisation      |       |       |       |     4 |     3 ||     7
         Sanctuary         |       |       |       |       |     4 ||     4
         Imprison          |       |       |       |       |     2 ||     2
  Evoke: Wand              |       |       |     5 |    24 |    27 ||    56
    Use: Potion            |     1 |     2 |     2 |     2 |     3 ||    10
         Scroll            |       |    11 |       |    11 |     6 ||    28
   Stab: Invisible         |       |       |     1 |     1 |       ||     2
         Confused          |       |       |       |     5 |     6 ||    11
         Paralysed         |       |       |       |     4 |    24 ||    28
         Distracted        |       |       |       |     4 |     6 ||    10
 Armour: Scale mail        |    56 |     1 |       |       |       ||    57
         Ring mail         |       |   148 |   160 |   304 |   245 ||   857
  Dodge: Dodged            |    33 |    75 |   157 |   265 |   184 ||   714
  Block: Buckler           |    14 |    42 |    57 |    14 |       ||   127

Table legend: (Time is in decaauts)
 A = Elapsed time spent in this place.
 B = Non-inter-level travel time spent in this place.
 C = Inter-level travel time spent in this place.
 D = Time resting spent in this place.
 E = Time spent auto-exploring this place.
 F = Levels seen in this place.
 G = Mean time per level.
                   A        B        C        D        E       F      G
               +--------+--------+--------+--------+--------+-----+--------+
         Total |  14208 |  13092 |   1116 |    349 |   8415 |  23 |  617.7 |
       Dungeon |   7987 |   7268 |    719 |     38 |   5516 |  11 |  726.1 |
        Temple |     16 |      9 |      7 |      0 |      0 |   1 |   16.0 |
          Lair |   2931 |   2676 |    255 |      2 |   1979 |   4 |  732.8 |
         Swamp |   1101 |   1011 |     90 |    126 |    485 |   2 |  550.5 |
  Orcish Mines |    974 |    931 |     43 |     16 |    388 |   2 |  487.0 |
         Sewer |    308 |    308 |      0 |      0 |     46 |   1 |  308.0 |
       Ossuary |    187 |    187 |      0 |     14 |      0 |   1 |  187.0 |
      Ice Cave |    699 |    699 |      0 |    152 |      0 |   1 |  699.0 |
               +--------+--------+--------+--------+--------+-----+--------+

Top non-repeatable levels by time:
  Lair:3: 1125 daAuts
 Swamp:1: 1064 daAuts
     D:7: 968 daAuts
     D:8: 946 daAuts
  Lair:1: 885 daAuts
     D:5: 883 daAuts
  Lair:2: 865 daAuts
     D:3: 842 daAuts
     D:4: 824 daAuts
     D:6: 777 daAuts
   IceCv: 699 daAuts
     D:2: 698 daAuts
    D:10: 690 daAuts
     D:1: 658 daAuts
   Orc:1: 566 daAuts
